 Dungeon Crawl Stone Soup version 0.27-a0-1101-ge311f74bc8 (webtiles) character file.

Game seed: 13401575603078901086

663 voltaire321 the Chopper (level 7, -2/52 (55) HPs)
             Began as a Demonspawn Gladiator on Apr 29, 2021.
             Slain by a wight
             ... wielding a +4 trident
              (3 damage)
             ... on level 4 of the Dungeon.
             The game lasted 00:07:18 (4270 turns).

voltaire321 the Chopper (Demonspawn Gladiator)      Turns: 4270, Time: 00:07:19

HP:   -2/52 (55)    AC:  8    Str: 16    XL:     7   Next: 31%
MP:   0/7           EV:  8    Int:  9    God:
Gold: 134           SH:  4    Dex: 15    Spells: 6/6 levels left

rFire    . . .     SeeInvis .   a - +0 war axe (vorpal)
rCold    . . .     Faith    .   (no shield)
rNeg     . . .     Spirit   +   m - +0 chain mail
rPois    .         Reflect  .   (helmet restricted)
rElec    .         Harm     .   (no cloak)
rCorr    .         Rampage  .   (no gloves)
Will     .....                  (no boots)
Stlth    ..........             (no amulet)
HPRegen  0.17/turn              (no ring)
MPRegen  0.20/turn              (no ring)

@: drained
A: horns 1, large bone plates 1, magic shield, magic regeneration
a: no special abilities


You were on level 4 of the Dungeon.
You visited 1 branch of the dungeon, and saw 4 of its levels.

You collected 134 gold pieces.

Inventory:

Hand Weapons
 a - a +0 vorpal war axe (weapon)
Missiles
 d - 3 throwing nets (quivered)
 h - 5 silver boomerangs
Armour
 m - a +0 chain mail (worn)
Wands
 f - a wand of digging (1)
 l - a wand of iceblast (11)
Scrolls
 b - a scroll of brand weapon
 g - 2 scrolls of amnesia
Potions
 c - 2 potions of berserk rage {unknown}
 e - a potion of lignification {unknown}
 i - 2 potions of resistance {unknown}
 j - a potion of brilliance {unknown}
 k - a potion of invisibility {unknown}


   Skills:
 + Level 4.3 Fighting
 + Level 4.5 Axes
 + Level 4.0 Throwing
 + Level 4.5 Dodging


You had 6 spell levels left.
You didn't know any spells.
Your spell library was empty.

Dungeon Overview and Level Annotations

Branches:
Dungeon (4/15)
 Temple: D:4-7

Altars:
Gozag
Nemelex Xobeh
Zin

Shops:
D:4 *


Innate Abilities, Weirdness & Mutations

You have a pair of small horns on your head.
You are partially covered in large bone plates. (SH +4)
When hurt, damage is shared between your health and your magic reserves.
You regenerate magic rapidly.


Message History

The wight hits you with a +2 morningstar.
You feel drained.
You closely miss the wight. Your headbutt misses the wight.
The wight is lightly damaged.
The wight barely misses you. x2
You closely miss the wight.
You headbutt the wight, but do no damage.
The wight is lightly damaged.
The wight hits you but does no damage. The wight completely misses you.
The wight hits you with a +2 morningstar.
The wight hits you from afar with a +4 trident.
You feel drained.
You hit the wight.
The wight is moderately damaged.
The wight hits you from afar with a +4 trident.
You feel drained. The wight closely misses you.
You slash the wight!
You destroy the wight!
The wight hits you but does no damage.
Your Throwing skill increases to level 4!
The wight hits you with a +4 trident.
Things that are here:
a +2 morningstar; a +0 robe You completely miss the wight.
The wight barely misses you.
Your chain mail prevents you from hitting the wight.
The wight hits you with a +4 trident! x2
* * * LOW HITPOINT WARNING * * *
You hit the wight but do no damage. You headbutt the wight.
The wight is lightly damaged.
The wight closely misses you.
You completely miss the wight.
The wight is lightly damaged.
You block the wight's attack.
You closely miss the wight.
You headbutt the wight, but do no damage.
The wight is lightly damaged.
The wight hits you with a +4 trident!
* * * LOW HITPOINT WARNING * * *
You feel drained.
You die...

#. ..# ##. #.#
### ... #.#
..###.# ###.....#
.... ..# #.. #.#
#########
#z##.####........
#.@......#.######
#.##.####.######
#.......#......#
#.##.##.#.####.#
#. .#.....# # #.
#.##.### #.####
#. #.# #..... #.
#.# ###### #.#
#..


You could see a wight.

Vanquished Creatures
  Sigmund (D:3)
  A black bear (D:4)
  2 scorpions (D:4)
  2 wights (D:4)
  A centaur skeleton (D:4)
  Ijyb (D:3)
  2 iguanas
  An adder (D:3)
  2 worms (D:3)
  2 dart slugs
  9 orcs
  7 bats
  3 endoplasms
  3 giant cockroaches
  3 goblins
  9 hobgoblins
  8 jackals
  4 quokkas
  5 ball pythons
  3 frilled lizards
  13 kobolds
  4 rats
86 creatures vanquished.

Notes
Turn   | Place    | Note
-------+----------+-------------------------------------------
     0 | D:1      | voltaire321 the Demonspawn Gladiator began the quest for
                  | the Orb.
     0 | D:1      | Reached XP level 1. HP: 16/16 MP: 1/1
    28 | D:1      | Gained mutation: You regenerate magic rapidly. [demonic
                  | ancestry]
    28 | D:1      | Reached XP level 2. HP: 10/22 MP: 2/2
  1224 | D:2      | Gained mutation: You are partially covered in large bone
                  | plates. (SH +4) [demonic ancestry]
  1224 | D:2      | Reached XP level 3. HP: 28/28 MP: 3/3
  1342 | D:2      | Found a faded altar of an unknown god.
  1883 | D:2      | Reached XP level 4. HP: 27/34 MP: 4/4
  2275 | D:3      | Noticed Ijyb
  2290 | D:3      | Killed Ijyb
  2710 | D:3      | Found an opulent altar of Gozag.
  2948 | D:3      | Gained mutation: You have a pair of small horns on your
                  | head. [demonic ancestry]
  2948 | D:3      | Reached XP level 5. HP: 34/41 MP: 5/5
  3194 | D:3      | Found a sparkling altar of Nemelex Xobeh.
  3335 | D:3      | Noticed Sigmund
  3362 | D:3      | Killed Sigmund
  3363 | D:3      | Gained mutation: When hurt, damage is shared between your
                  | health and your magic reserves. [demonic ancestry]
  3363 | D:3      | Reached XP level 6. HP: 28/47 MP: 6/6
  3898 | D:4      | Reached XP level 7. HP: 42/54 MP: 7/7
  3997 | D:4      | Found Ylupnui's Lightly-Used Armoury.
  4270 | D:4      | HP: 1/54 [wight/+4 trident (8)]
  4270 | D:4      | Slain by a wight

Illustrated notes

Levels and vault maps discovered:
D:1:      psy_arrival_fountain, layout_rooms, amcnicky_mini_corridor_feature
D:2:      layout_basic, hellmonk_ecumenical_altar_run_dry, hex_intersection,
          hex_large, minmay_misc_feat_four_crosses, minmay_tromino_v4_b
D:3:      layout_loops_ring, pdpol_temple_overflow_zin_treasury_gozag_greed,
          nemelex_xobeh_ov_fountains_minmay, kennysheep_generic_room_13,
          uniq_sigmund, uniq_ijyb
D:4:      layout_loops_ring, gammafunk_ghost_stat_death, minmay_shop_damaged

Skill      XL: |  1  2  3  4  5  6  7 |
---------------+----------------------+-----
Throwing       | 2 3 4 |  4.0
Axes           | 3 4 |  4.5
Dodging        | 3 4 |  4.5
Fighting       | 3 4 |  4.3

Action                   |  1- 3 |  4- 6 |  7- 9 || total
-------------------------+-------+-------+-------++-------
Melee: War axe           |    98 |   130 |    40 ||   268
       Headbutt          |       |     9 |    12 ||    21
Throw: Throwing net      |     1 |       |       ||     1
  Use: Scroll            |       |     4 |       ||     4
 Stab: Sleeping          |     1 |       |       ||     1
Armor: Leather armour    |    51 |    15 |       ||    66
       Chain mail        |       |    54 |     7 ||    61
Dodge: Dodged            |   104 |    69 |    16 ||   189
Block: Other             |     3 |    33 |     5 ||    41

Table legend: (Time is in decaauts)
 A = Elapsed time spent in this place.
 B = Non-inter-level travel time spent in this place.
 C = Inter-level travel time spent in this place.
 D = Time resting spent in this place.
 E = Time spent auto-exploring this place.
 F = Levels seen in this place.
 G = Mean time per level.
                   A        B        C        D        E       F      G
               +--------+--------+--------+--------+--------+-----+--------+
         Total |   4357 |   4194 |    163 |    689 |   2845 |   4 | 1089.2 |
       Dungeon |   4357 |   4194 |    163 |    689 |   2845 |   4 | 1089.2 |
               +--------+--------+--------+--------+--------+-----+--------+

Top non-repeatable levels by time:
     D:3: 1431 daAuts
     D:1: 1143 daAuts
     D:2: 1070 daAuts
     D:4: 711 daAuts
